 Dungeon Crawl Stone Soup version 0.17-a0-1863-g715b4b0 (webtiles) character file.

85578 dpvblackbelt the Executioner (level 15, -3/147 HPs)
             Began as a Minotaur Fighter on Sept 20, 2015.
             Was a High Priest of Okawaru.
             Killed from afar by a thorn hunter (23 damage)
             ... with a volley of thorns
             ... on level 4 of the Swamp.
             The game lasted 01:08:22 (21958 turns).

dpvblackbelt the Executioner (Minotaur Fighter)    Turns: 21958, Time: 01:08:22

Health: -3/147     AC: 26    Str: 25    XL:     15   Next: 38%
Magic:  20/20      EV:  8    Int:  4    God:    Okawaru [*****.]
Gold:   1651       SH:  0    Dex: 17    Spells: 2 memorised, 2 levels left

rFire  . . .     SeeInvis .     V - +4 executioner's axe (freeze)
rCold  + . .     Clarity  .     u - +3 chain mail of the Seven Demons {rElec rC+}
rNeg   + + +     SustAt   .     (no shield)
rPois  +         Gourm    .     L - +2 hat
rElec  +         Spirit   .     G - +2 cloak of the Ladybird {rN+++ Int-3 Dex+2}
rCorr  .         Warding  .     q - +1 pair of gloves
rMut   .         Stasis   .     A - +0 pair of boots
MR     +....                    (no amulet)
Stlth  ..........               v - ring of poison resistance
                                e - +4 ring of slaying

@: mighty, heroism, finesse, very slightly contaminated, somewhat resistant to
hostile enchantments, extremely unstealthy
A: retaliatory headbutt, horns 2
a: Heroism, Finesse, Renounce Religion


You were on level 4 of the Swamp.
You worshipped Okawaru.
Okawaru was extremely pleased with you.
You were not hungry.

You visited 3 branches of the dungeon, and saw 23 of its levels.

You collected 1651 gold pieces.

Inventory:

Hand weapons
 l - the +7 battleaxe of the Turnip {chop, MR- Dex+5}
   (You acquired it on level 2 of the Lair of Beasts)

   It inflicts extra damage upon your enemies.
   It affects your dexterity (+5).
   It affects your resistance to hostile enchantments.
 V - a +4 executioner's axe of freezing (weapon)
Armour
 q - a +1 pair of gloves (worn)
 u - the +3 chain mail of the Seven Demons (worn) {rElec rC+}
   (Okawaru gifted it to you on level 2 of the Lair of Beasts)

   It protects you from cold.
   It insulates you from electricity.
 A - a +0 pair of boots (worn)
 G - the +2 cloak of the Ladybird (worn) {rN+++ Int-3 Dex+2}
   (You found it on level 5 of the Dungeon)

   It affects your intelligence (-3).
   It affects your dexterity (+2).
   It renders you almost immune to negative energy.
 L - a +2 hat (worn)
Jewellery
 e - a +4 ring of slaying (left hand)
 h - an uncursed ring of flight
 k - a +5 ring of evasion
 v - a ring of poison resistance (right hand)
 F - an uncursed ring of protection from fire
 Q - an uncursed ring of wizardry
 T - an uncursed ring of teleportation
 U - an uncursed ring of positive energy
 W - an uncursed ring of protection from magic
Magical devices
 w - a wand of digging (14)
 H - a wand of disintegration (15)
 J - a wand of digging (9)
 M - a wand of paralysis (13)
Scrolls
 i - 11 scrolls of identify
 j - 11 scrolls of remove curse
 o - 11 scrolls of teleportation
 p - 3 scrolls of fear
 t - a scroll of enchant weapon
 y - 2 scrolls of fog
 z - 5 scrolls of enchant armour
 B - 2 scrolls of amnesia
 C - a scroll of recharging
 N - 3 scrolls of magic mapping
Potions
 a - a potion of haste
 b - a potion of resistance
 d - a potion of might
 f - a potion of invisibility
 s - a potion of mutation
 I - 3 potions of flight
 P - a potion of brilliance
 R - a potion of agility
 Z - 2 potions of curing
Books
 x - a book of Geomancy

   Spells                             Type                      Level
   a - Sandblast                      Earth                        1
   b - Stoneskin                      Transmutation/Earth          2
   c - Passwall                       Transmutation/Earth          3
   d - Stone Arrow                    Conjuration/Earth            3
   e - Petrify                        Transmutation/Earth          4
   f - Lee's Rapid Deconstruction     Earth                        5
 E - a book of Enchantments

   Spells                             Type                      Level
   a - Cause Fear                     Hexes                        4
   b - Silence                        Hexes/Air                    5
   c - Deflect Missiles               Charms/Air                   6
   d - Haste                          Charms                       6
   e - Discord                        Hexes                        8
 K - a book of Dreams

   Spells                             Type                      Level
   a - Ensorcelled Hibernation        Hexes/Ice                    2
   b - Phase Shift                    Translocation                5
   c - Shadow Creatures               Summoning                    5
   d - Silence                        Hexes/Air                    5
   e - Darkness                       Hexes                        6
   f - Mass Confusion                 Hexes                        6
 S - a book of Clouds

   Spells                             Type                      Level
   a - Mephitic Cloud                 Conjuration/Poison/Air       3
   b - Conjure Flame                  Conjuration/Fire             3
   c - Poisonous Cloud                Conjuration/Poison/Air       6
   d - Freezing Cloud                 Conjuration/Ice/Air          6
   e - Ring of Flames                 Charms/Fire                  7
Comestibles
 g - 8 bread rations
 m - 13 meat rations
 D - 9 royal jellies
 O - 29 fruits


   Skills:
 + Level 17.1(22.1) Fighting
 - Level 22.0(27) Axes
 - Level 10.4(15.4) Armour
 - Level 1.2(6.2) Dodging
   Level 3.6(8.6) Shields
 - Level 8.3 Invocations


You had 2 spell levels left.
You knew the following spells:

 Your Spells              Type           Power        Failure   Level  Hunger
a - Deflect Missiles      Chrm/Air       #.........   100%        6    #######
b - Haste                 Chrm           #.......     100%        6    #######


Dungeon Overview and Level Annotations

Branches:
Dungeon (13/15)            Temple (0/1) D:7            Lair (6/8) D:10
  Swamp (4/4) Lair:6        Snake (0/4) Lair:4          Orc (0/4) D:10
  Slime: Lair:6-8    Vaults: D:13-14

Altars:
Ashenzari
Cheibriados
Elyvilon
Fedhas
Gozag
Kikubaaqudgha
Makhleb
Okawaru
Qazlal
Ru
Trog
Xom
Yredelemnul
Zin
The Shining One


Innate Abilities, Weirdness & Mutations

You reflexively headbutt those who attack you in melee.
You have a pair of horns on your head.


Message History

You freeze the briar patch.
You destroy the briar patch!
You slice the briar patch!! You freeze the briar patch.
You destroy the briar patch!
Drink which item? (? for menu, Esc to quit)
You feel much better.
You closely miss the thorn hunter. You headbutt the thorn hunter.
The thorn hunter is lightly damaged.
The thorn hunter closely misses you. The thorn hunter hits you.
* * * LOW HITPOINT WARNING * * *
Unknown command.
Read which item? (? for menu, Esc to quit)
Blink to where?
Press: ? - help, Dir - move target cursor You are very lightly contaminated with residual magic.
As you read the scroll of blinking, it crumbles to dust.
There is a stone staircase leading up here.
The thorn hunter fires a volley of thorns at you.
The volley of thorns hits you!
You die...

♣§≈≈≈≈ ♣♣♣ ♣♣♣♣ ♣^≈≈≈ ♣♣♣≈♣♣
♣♣..♣♣ ♣♣.≈♣ ≈...≈♣ ♣♣.≈≈.♣♣♣
♣≈.♣# ≈≈≈§.♣♣♣♣♣♣♣.≈≈≈≈≈≈♣♣
♣♣.♣##
≈≈≈≈≈†.≈.≈♣..≈≈≈≈.≈.♣♣♣♣♣♣♣♣.≈##.
≈≈≈≈≈≈≈≈≈≈.≈≈≈≈≈≈≈≈[≈≈......≈≈#≈≈
≈≈≈≈≈§≈≈≈....≈≈≈.§....≈≈≈....≈#.#
..≈≈≈§≈.....≈...@.≈≈≈f≈≈≈≈≈≈..#.≈
..≈≈≈≈≈≈≈≈≈≈.≈≈.≈...≈≈≈≈..≈≈≈.#≈[
.≈≈≈≈≈≈≈≈≈≈≈.≈≈...≈.≈≈≈≈≈.≈≈≈.#.≈
≈≈≈≈≈≈≈≈≈≈≈≈.≈≈..≈≈≈≈≈≈≈≈...♣≈#.≈
.≈≈≈≈.♣♣♣♣♣♣≈≈≈≈≈≈≈≈≈≈≈≈.♣♣♣[.#≈#
♣.≈≈§≈♣ ♣♣≈≈≈≈≈≈≈≈≈≈≈.♣♣♣≈§##≈
♣♣♣♣♣♣♣ ♣♣.≈§≈≈≈≈≈≈§≈.♣.≈.≈≈≈
♣≈..≈≈≈..≈≈≈.♣.≈≈≈#≈
≈♣.≈≈≈≈..≈≈≈[≈..D≈≈#


You could see a thorn hunter.

Vanquished Creatures
  2 thorn hunters
  Frances (Swamp:1)
  Donald (Swamp:1)
  Aizul (Swamp:1)
  Louise (Swamp:2)
  2 very ugly things (Swamp:4)
  A death ooze (Swamp:4)
  2 green deaths (Swamp:4)
  16 hydras
  2 ghost crabs (Swamp:4)
  A catoblepas (Lair:6)
  3 alligators (Swamp:4)
  6 death yaks (Lair:5)
  2 thrashing horrors (Swamp:4)
  A spriggan druid (Swamp:2)
  An unseen horror (D:11)
  A shambling mangrove (Swamp:2)
  5 swamp dragons
  3 ugly things
  A wolf spider zombie (D:11)
  A griffon (Lair:5)
  A cyclops (D:10)
  6 elephants (Lair:6)
  8 black mambas
  A centaur zombie (D:12)
  15 spiny frogs
  3 fire drakes (Lair:5)
  An orange demon (Swamp:4)
  A kobold demonologist (D:12)
  3 komodo dragons
  A queen bee (Lair:2)
  A troll (D:9)
  A polar bear (Lair:6)
  2 two-headed ogres
  Grinder (D:6)
  Prince Ribbit (D:8)
  6 giant leeches
  19 slime creatures
  8 bog bodies
  7 blink frogs
  Sigmund (D:3)
  6 spriggans
  2 deep elf magi
  19 yaks
  4 shadows
  2 steam dragons
  2 basilisks
  7 vampire mosquitoes (Swamp:1)
  2 wraiths
  27 swamp worms
  A warg (D:10)
  A mottled dragon (D:12)
  5 hippogriffs
  13 insubstantial wisps
  13 wolves
  15 water moccasins
  A soldier ant (D:12)
  5 ice beasts
  8 porcupines
  3 orc warriors
  9 wasps
  7 ogres
  3 swamp drakes (Swamp:3)
  3 sky beasts
  3 black bears
  12 crocodiles
  An eye of draining (D:11)
  A small abomination (Swamp:4)
  4 centaurs
  15 giant frogs
  2 wyvern zombies
  A big kobold (D:11)
  2 wyvern skeletons
  A scorpion (D:11)
  24 killer bees (Lair:2)
  4 wights (D:6)
  8 crimson imps
  An electric eel (Lair:6)
  4 centaur skeletons
  A giant frog skeleton (D:9)
  3 jellies
  A quasit (D:9)
  7 orc priests
  Ijyb (D:2)
  5 hounds
  Jessica (D:2)
  4 orc wizards
  6 worker ants
  14 iguanas
  4 sheep (Lair:4)
  A hound zombie (D:10)
  A hound skeleton (D:4)
  2 worker ant zombies
  17 adders
  42 river rats
  3 shadow imps
  An adder zombie (D:10)
  2 oozes
  5 worms
  An adder skeleton (D:4)
  7 giant geckos
  30 orcs
  5 bats
  6 giant cockroaches
  15 hobgoblins
  29 jackals
  13 kobolds
  A quokka (D:2)
  4 ball pythons
  A giant gecko skeleton (D:5)
  4 giant newts
  11 goblins
  6 rats
  14 briar patches
  2 bushes (Lair:2)
  6 fungi
  4 plants
662 creatures vanquished.

Vanquished Creatures (others)
  2 briar patches (Swamp:1)
  A bush (D:7)
  A fungus (Lair:2)
4 creatures vanquished.

Grand Total: 666 creatures vanquished

Notes
Turn   | Place    | Note
--------------------------------------------------------------
     0 | D:1      | dpvblackbelt the Minotaur Fighter began the quest for the Orb.
     0 | D:1      | Reached XP level 1. HP: 19/19 MP: 0/0
    47 | D:1      | Found an iron altar of Okawaru.
    57 | D:1      | Became a worshipper of Warmaster Okawaru
    65 | D:1      | Reached XP level 2. HP: 21/26 MP: 1/1
   242 | D:1      | Reached skill level 4 in Axes
   321 | D:1      | Reached XP level 3. HP: 29/31 MP: 2/2
   707 | D:2      | Reached skill level 5 in Axes
   999 | D:2      | Reached XP level 4. HP: 28/39 MP: 3/3
  1193 | D:2      | Noticed Jessica
  1196 | D:2      | Killed Jessica
  1233 | D:2      | Noticed Ijyb
  1250 | D:2      | Killed Ijyb
  1250 | D:2      | Reached skill level 6 in Axes
  1366 | D:2      | Reached XP level 5. HP: 45/45 MP: 4/4
  1753 | D:3      | Found a bloodstained altar of Trog.
  2206 | D:3      | Noticed Sigmund
  2223 | D:3      | Killed Sigmund
  2223 | D:3      | Acquired Okawaru's first power
  2223 | D:3      | Reached skill level 8 in Axes
  2223 | D:3      | Reached XP level 6. HP: 22/51 MP: 5/5
  3253 | D:4      | Reached skill level 9 in Axes
  3411 | D:4      | Found an ancient bone altar of Kikubaaqudgha.
  3411 | D:4      | Found a sacrificial altar of Ru.
  3417 | D:4      | Reached XP level 7. HP: 57/57 MP: 6/6
  3531 | D:5      | Entered Level 5 of the Dungeon
  3751 | D:5      | Reached skill level 10 in Axes
  3942 | D:5      | Got a translucent cloak
  3948 | D:5      | Identified the +2 cloak of the Ladybird {rN+++ Int-3 Dex+2} (You found it on level 5 of the Dungeon)
  4102 | D:6      | Reached skill level 11 in Axes
  4122 | D:6      | Found an opulent altar of Gozag.
  4122 | D:6      | Found a glowing silver altar of Zin.
  4228 | D:6      | Found a stormy altar of Qazlal.
  4229 | D:6      | Reached XP level 8. HP: 64/64 MP: 7/7
  4264 | D:6      | Noticed Grinder
  4281 | D:6      | Killed Grinder
  4281 | D:6      | Reached skill level 12 in Axes
  4661 | D:6      | Gained mutation: You are resistant to hostile enchantments. [mutagenic meat]
  4681 | D:6      | Reached skill level 13 in Axes
  4775 | D:6      | Found a sacrificial altar of Ru.
  4960 | D:7      | Reached XP level 9. HP: 55/70 MP: 8/8
  5007 | D:7      | Found a white marble altar of Elyvilon.
  5097 | D:7      | Reached skill level 14 in Axes
  5213 | D:7      | Found a blossoming altar of Fedhas.
  5735 | D:7      | Found a staircase to the Ecumenical Temple.
  5946 | D:8      | Noticed Prince Ribbit
  5952 | D:8      | Killed Prince Ribbit
  5952 | D:8      | Reached skill level 15 in Axes
  6124 | D:8      | Found a snail-covered altar of Cheibriados.
  6247 | D:8      | Found a glowing golden altar of the Shining One.
  6521 | D:8      | Found a burning altar of Makhleb.
  6532 | D:8      | Found a shattered altar of Ashenzari.
  6594 | D:9      | Reached skill level 16 in Axes
  6773 | D:9      | Noticed a centaur skeleton
  6779 | D:9      | Killed a centaur skeleton
  6779 | D:9      | Reached XP level 10. HP: 72/77 MP: 9/9
  6863 | D:9      | Acquired Okawaru's second power
  6869 | D:9      | Found a blossoming altar of Fedhas.
  6874 | D:9      | Found a stormy altar of Qazlal.
  6960 | D:9      | Found a basalt altar of Yredelemnul.
  6966 | D:9      | Reached skill level 17 in Axes
  6978 | D:9      | Noticed a hill giant
  6985 | D:10     | Entered Level 10 of the Dungeon
  7223 | D:10     | Noticed a cyclops
  7228 | D:10     | Gained mutation: You are clumsy. (Dex -2) [potion of mutation]
  7228 | D:10     | Gained mutation: Armour fits poorly on your strangely shaped body. [potion of mutation]
  7228 | D:10     | Gained mutation: Your body sometimes deteriorates upon taking damage. [potion of mutation]
  7229 | D:10     | Lost mutation: You are clumsy. (Dex -2) [potion of cure mutation]
  7229 | D:10     | Lost mutation: Armour fits poorly on your strangely shaped body. [potion of cure mutation]
  7229 | D:10     | Lost mutation: Your body sometimes deteriorates upon taking damage. [potion of cure mutation]
  7229 | D:10     | Lost mutation: You are resistant to hostile enchantments. [potion of cure mutation]
  7235 | D:10     | Killed a cyclops
  7729 | D:10     | Found a staircase to the Lair.
  7805 | D:10     | Found a staircase to the Orcish Mines.
  7820 | D:10     | Reached skill level 18 in Axes
  8121 | D:10     | Received a gift from Okawaru
  8121 | D:10     | Reached skill level 1 in Invocations
  8290 | D:11     | HP: 2/115 [something (4)]
  8291 | D:11     | Killed an unseen horror
  8658 | D:11     | Reached XP level 11. HP: 82/82 MP: 13/13
  8700 | D:11     | Reached skill level 5 in Invocations
  8775 | D:11     | Received a gift from Okawaru
  8776 | D:11     | Got a twisted buckler {god gift}
 10236 | D:13     | Noticed a six-headed hydra
 10354 | Lair:1   | Entered Level 1 of the Lair of Beasts
 10626 | Lair:1   | Reached skill level 19 in Axes
 10792 | Lair:1   | Noticed a seven-headed hydra
 10958 | Lair:2   | Reached XP level 12. HP: 83/90 MP: 17/17
 11322 | Lair:2   | Reached skill level 20 in Axes
 11330 | Lair:2   | Received a gift from Okawaru
 11335 | Lair:2   | Got a spiked chain mail {god gift}
 11341 | Lair:2   | Reached skill level 5 in Fighting
 12029 | Lair:2   | Identified the +3 chain mail of the Seven Demons {rElec rC+} (Okawaru gifted it to you on level 2 of the Lair of Beasts)
 12441 | Lair:3   | Noticed an eight-headed hydra
 12698 | Lair:2   | Identified a scroll of acquirement
 12699 | Lair:2   | Got a shimmering battleaxe
 12700 | Lair:2   | Identified the +7 battleaxe of the Turnip {chop, MR- Dex+5} (You acquired it on level 2 of the Lair of Beasts)
 12934 | Lair:4   | Found a staircase to the Snake Pit.
 12948 | Lair:4   | Reached skill level 10 in Fighting
 13736 | Lair:4   | Noticed an eight-headed hydra
 13746 | Lair:4   | Killed a 12-headed hydra
 13968 | Lair:5   | Received a gift from Okawaru
 13968 | Lair:5   | Reached XP level 13. HP: 101/117 MP: 18/18
 14170 | Lair:5   | Got a crude scale mail {god gift}
 14171 | Lair:5   | Identified the +4 scale mail of Itzidoux {rN+ Regen+ Str-5 Int+4} (Okawaru gifted it to you on level 5 of the Lair of Beasts)
 14357 | Lair:1   | Killed a 13-headed hydra
 14953 | Lair:5   | Found a shimmering altar of Xom.
 15993 | Lair:6   | Reached skill level 15 in Fighting
 16364 | Lair:6   | Found a staircase to the Swamp.
 16523 | Swamp:1  | Entered Level 1 of the Swamp
 16528 | Swamp:1  | Noticed Aizul
 16539 | Swamp:1  | Killed Aizul
 16801 | Swamp:1  | Noticed a thorn hunter
 16825 | Swamp:1  | Killed a thorn hunter
 17220 | Swamp:1  | Noticed Frances
 17239 | Swamp:1  | Killed Frances
 17239 | Swamp:1  | Reached XP level 14. HP: 59/138 MP: 12/19
 17817 | Swamp:1  | Noticed Donald
 17828 | Swamp:1  | Killed Donald
 17828 | Swamp:1  | Reached skill level 1 in Dodging
 18223 | Swamp:2  | Noticed a thorn hunter
 18242 | Swamp:2  | Killed a thorn hunter
 18242 | Swamp:2  | Reached skill level 5 in Armour
 18663 | Swamp:2  | Learned a level 6 spell: Deflect Missiles
 18670 | Swamp:2  | Learned a level 6 spell: Haste
 18701 | Swamp:2  | Received a gift from Okawaru
 19308 | Swamp:2  | Reached skill level 10 in Armour
 19337 | Swamp:2  | Noticed Louise
 19354 | Swamp:2  | Killed Louise
 20787 | Swamp:4  | Entered Level 4 of the Swamp
 20811 | Swamp:4  | Received a gift from Okawaru
 21258 | Swamp:4  | Reached skill level 21 in Axes
 21258 | Swamp:4  | Reached XP level 15. HP: 107/146 MP: 13/20
 21934 | Swamp:4  | Reached skill level 22 in Axes
 21945 | Swamp:4  | Noticed a thorn hunter
 21948 | Swamp:4  | HP: 5/147 [briar patch's spines[a thorn hunter] (14)]
 21958 | Swamp:4  | Killed from afar by a thorn hunter

Vault maps used:
D:1:      minmay_arrival_plants_in_alcoves, okawaru_ov_weapons_minmay
D:2:      hex_large, uniq_iyjb, uniq_jessica
D:3:      bloody_trog, kennysheep_cross_room, uniq_sigmund
D:4:      gammafunk_temple_overflow_pools, first_bread, grunt_ministairs_9,
          sigmund_army
D:6:      grunt_temple_overflow_gold_and_silver, hangedman_feature_mirror,
          dk_vineyard_1, uniq_grinder
D:7:      elyvilon_altar_1, minmay_temple_entry_poolview, the_bakery,
          fedhas_bush_and_centaur_altar
D:8:      lemuel_crystal_altar, amethyst_overflow_temple_binary, tso_metal_star,
          uniq_prince_ribbit1
D:9:      grunt_temple_overflow_forces_of_nature, yredelemnul_altar_generic,
          kennysheep_mini_moat
D:10:     lair_0_dummy, minmay_orc_entry_guard_dogs, minmay_sticks_and_stones
D:13:     serial_park_tiny_pond
Lair:1:   grunt_megastairs_3, lemuel_fruit_tree
Lair:2:   special_room, minivault_24, st_stairs_10, wad_woods_06,
          beast_lair_carwin_3
Lair:4:   minmay_snake_entry_six_corridors
Lair:5:   basic_altar
Lair:6:   nicolae_swamp_entry_splash_gauntlet, infiniplex_staircase_pool_2
Swamp:1:  evilmike_swamp_ruin_rubble_2, uniq_frances, uniq_donald, uniq_aizul
Swamp:2:  nicolae_swamp_round_clearing, infiniplex_staircase_pool, uniq_louise
Swamp:3:  evilmike_swamp_ruin_rubble_1, swamp_pool2, statue_in_the_mist_lemuel
Swamp:4:  swamp_vile

Action                   |  1- 3 |  4- 6 |  7- 9 | 10-12 | 13-15 || total
-------------------------+-------+-------+-------+-------+-------++-------
Melee: War axe           |    95 |   168 |   123 |       |       ||   386
       Battleaxe         |       |       |   101 |   511 |   354 ||   966
       Executioner's axe |       |       |       |       |   169 ||   169
Invok: Heroism           |       |       |       |     4 |    13 ||    17
       Finesse           |       |       |       |     3 |    13 ||    16
Evoke: Wand              |       |       |       |     4 |     3 ||     7
  Use: Potion            |       |     1 |       |    12 |     7 ||    20
       Scroll            |       |       |       |    18 |    22 ||    40
  Eat: Chunk             |       |     3 |    12 |    13 |     6 ||    34
       Bread ration      |       |     1 |       |     2 |     4 ||     7
       Pizza             |       |       |       |     1 |     1 ||     2
       Beef jerky        |       |       |       |       |     4 ||     4
